 Dungeon Crawl Stone Soup version 0.28.0-53-g5a82cb258f (webtiles) character file.

Game seed: 10105023473253826279

51 DildoBatman the Conjurer (level 4, -2/32 HPs)
             Began as a Formicid Conjurer on July 15, 2022.
             Slain by a quokka (5 damage)
             ... on level 4 of the Dungeon.
             The game lasted 00:03:47 (1802 turns).

DildoBatman the Conjurer (Formicid Conjurer)        Turns: 1802, Time: 00:03:48

Health: -2/32      AC:  2    Str: 12    XL:     4   Next: 5%
Magic:  3/8        EV: 12    Int: 17    God:
Gold:   73         SH:  0    Dex: 11    Spells: 5/8 levels left

rFire   . . .      SeeInvis +   a - +1 short sword (speed)
rCold   . . .      Faith    .   (no shield)
rNeg    . . .      Spirit   .   e - +0 robe
rPois   .          Reflect  .   (helmet unavailable)
rElec   .          Harm     .   (no cloak)
rCorr   .          Rampage  .   (no gloves)
Will    .....                   (no boots)
Stlth   ++........              (no amulet)
HPRegen 0.10/turn               (no ring)
MPRegen 0.11/turn               (no ring)

@: no status effects
A: permanent stasis, dig shafts and tunnels, antennae 3, four strong arms
a: Dig, Shaft Self


You were on level 4 of the Dungeon.
You visited 1 branch of the dungeon, and saw 4 of its levels.

You collected 73 gold pieces.

Inventory:

Hand Weapons
 a - a +1 short sword of speed (weapon)
 b - a +0 falchion
Missiles
 f - 6 javelins (quivered)
 h - 16 bolts
 o - 13 stones
 p - 20 arrows
Armour
 e - a +0 robe (worn)
Jewellery
 j - a ring of resist corrosion
Scrolls
 c - 3 scrolls of identify {unknown}
 d - a scroll of acquirement {unknown}
 l - a scroll of noise {unknown}
 m - a scroll of enchant weapon {unknown}
 n - a scroll of teleportation {unknown}
Potions
 g - a potion of brilliance {unknown}
 i - a potion of curing {unknown}
 k - 2 potions of attraction {unknown}


   Skills:
 * Level 1.4 Fighting
 * Level 1.6 Armour
 - Level 2.0 Dodging
 - Level 2.4 Stealth
 * Level 2.7 Spellcasting
 * Level 3.9 Conjurations


You had 5 spell levels left.
You knew the following spells:

 Your Spells              Type           Power      Damage    Failure   Level
a - Searing Ray           Conj           30%        2d5       5%          2
c - Magic Dart            Conj           60%        1d6       3%          1

Your spell library contained the following spells:

 Spells                   Type           Power      Damage    Failure   Level
 Dazzling Flash           Conj/Hex       18%        N/A       24%         3
 Fulminant Prism          Conj/Hex       4%         3d6       63%         4
 Iskenderun's Mystic Bla  Conj/Tloc      9%         2d4       63%         4


Dungeon Overview and Level Annotations

Branches:
Dungeon (4/15)
 Temple: D:4-7

Altars:

Annotations:
D:2 Natasha


Innate Abilities, Weirdness & Mutations

You cannot be hasted, slowed, berserked, paralysed or teleported.
You can dig through walls and to a lower floor.
You have a pair of large antennae on your head. (SInv)
Your four strong arms can wield two-handed weapons with a shield.


Message History

The hobgoblin closely misses you. What are your orders? t - Shout!
Orders for allies: a - Attack new target. r - Retreat! s - Stop attacking. g - Guard the area. f - Follow me.
Anything else - Cancel.
You shout for attention!
The quokka misses you. The hobgoblin closely misses you. The quokka bites you.
What are your orders? t - Shout!
Orders for allies: a - Attack new target. r - Retreat! s - Stop attacking. g - Guard the area. f - Follow me.
Anything else - Cancel.
You shout for attention!
An orc comes into view. It is wielding a +0 mace.
The quokka misses you. The hobgoblin hits you. What are your orders? t - Shout!
Orders for allies: a - Attack new target. r - Retreat! s - Stop attacking. g - Guard the area. f - Follow me.
Anything else - Cancel.
You shout for attention!
The quokka misses you. The hobgoblin hits you.
An orc comes into view. It is wielding a +0 short sword.
What are your orders? t - Shout!
Orders for allies: a - Attack new target. r - Retreat! s - Stop attacking. g - Guard the area. f - Follow me.
Anything else - Cancel.
You shout for attention!
The quokka bites you.
You die...

..# .. .##
###..##
##.....##
##.......##
#.........#
#.g@......#
#.r.......#
#(......).#
.....?.....#
o.#.........#
.o.............
.####.........#
#........$#


You could see 2 orcs, a quokka and a hobgoblin.

Vanquished Creatures
  An adder (D:3)
  4 endoplasms (D:1)
  7 goblins
  4 hobgoblins (D:1)
  3 kobolds
  2 quokkas
  5 ball pythons
  5 bats
  4 frilled lizards
  3 rats
38 creatures vanquished.

Notes
Turn   | Place    | Note
-------+----------+-------------------------------------------
     0 | D:1      | DildoBatman the Formicid Conjurer began the quest for the
                  | Orb.
     0 | D:1      | Reached XP level 1. HP: 13/13 MP: 3/3
   206 | D:1      | Reached XP level 2. HP: 14/20 MP: 3/5
   211 | D:1      | Learned a level 2 spell: Searing Ray
   231 | D:1      | HP: 1/20 [kobold/+0 dagger (1)]
   445 | D:1      | Reached skill level 1 in Armour
   494 | D:1      | Reached skill level 1 in Fighting
   494 | D:1      | Reached XP level 3. HP: 4/26 MP: 0/6
  1155 | D:2      | Noticed Natasha
  1253 | D:2      | Found a faded altar of an unknown god.
  1780 | D:3      | Reached XP level 4. HP: 20/32 MP: 0/8
  1802 | D:4      | Slain by a quokka

Illustrated notes

Levels and vault maps discovered:
D:1:      dpeg_arrival_boxes_within_box, layout_loops_ring, minmay_tall_x
D:2:      layout_loops_ring, ebering_ecumenical_altar_abandoned, uniq_natasha
D:3:      layout_basic, serial_bayou_crossing
D:4:      layout_rooms, hellmonk_ghost_happy_afterlife, uniq_robin

Skill      XL: |  1  2 |
---------------+-------+-----
Dodging        | 2 |  2.0
Armour         | 1 |  1.6
Fighting       | 1 |  1.4
Stealth        | |  2.4
Spellcasting   | |  2.7
Conjurations   | |  3.9

Action                   |  1- 3 |  4- 6 || total
-------------------------+-------+-------++-------
Melee: Dagger            |     9 |       ||     9
       Punch             |     1 |       ||     1
       Short sword       |    24 |       ||    24
 Cast: Magic Dart        |    37 |       ||    37
       Searing Ray       |     7 |       ||     7
 Stab: Sleeping          |     1 |       ||     1
Armor: Robe              |     7 |       ||     7
Dodge: Dodged            |    33 |     9 ||    42
